 Dungeon Crawl Stone Soup version 0.31.0-32-g396128a36d (webtiles) character file.

Game seed: 14850856768999129100

304 Zodgrod the Chopper (level 6, -1/52 HPs)
             Began as a Hill Orc Gladiator on Mar 16, 2024.
             Slain by a goblin
             ... wielding a +0 dagger
              (3 damage)
             ... on level 4 of the Dungeon.
             The game lasted 00:04:09 (2899 turns).

Zodgrod the Chopper (Hill Orc Gladiator)            Turns: 2899, Time: 00:04:09

Health: -1/52      AC:  4    Str: 17    XL:     6   Next: 38%
Magic:  6/6        EV: 12    Int: 10    God:
Gold:   212        SH:  0    Dex: 12    Spells: 5/5 levels left

rFire   . . .        a - +0 war axe
rCold   . . .        (no shield)
rNeg    . . .        b - +0 leather armour
rPois   .            c - +0 helmet
rElec   .            j - scarf {shadows}
rCorr   .            (no gloves)
SInv    .            (no boots)
Will    .....        (no amulet)
Stlth   +            h - ring of flight
HPRegen 0.28/turn    (no ring)
MPRegen 0.10/turn

%: no passive effects
@: flying
A: no striking features
a: no special abilities


You were on level 4 of the Dungeon.
You visited 1 branch of the dungeon, and saw 4 of its levels.

You collected 212 gold pieces.

Inventory:

Hand Weapons
 a - a +0 war axe (weapon)
Missiles
 d - 3 throwing nets (quivered)
 e - a javelin
Armour
 b - a +0 leather armour (worn)
 c - a +0 helmet (worn)
 j - a scarf of shadows (worn)
Jewellery
 h - a ring of flight (left hand)
 p - an amulet of regeneration
Scrolls
 i - a scroll of butterflies {unknown}
 k - a scroll of torment {unknown}
 l - a scroll of noise {unknown}
 n - 2 scrolls of enchant weapon {unknown}
 r - a scroll of fear {unknown}
Potions
 f - a potion of mutation
 g - a potion of heal wounds {unknown}
 m - a potion of ambrosia
 o - a potion of lignification
 q - a potion of curing {unknown}


   Skills:
 + Level 3.8 Fighting
 + Level 6.5 Axes
 + Level 1.9 Throwing
 + Level 3.2 Armour
 + Level 3.1 Dodging
 + Level 0.2 Stealth


You had 5 spell levels left.
You didn't know any spells.
Your spell library contained the following spells:

 Spells                   Type           Power      Damage    Failure   Level
 Inner Flame              Hex/Fire       0%         N/A       80%         3
 Flame Wave               Conj/Fire      0%         2d4       99%         4
 Sticky Flame             Fire/Alch      0%         2d4       99%         4


Dungeon Overview and Level Annotations

Branches:
Dungeon (4/15)
 Temple: D:4-7

Altars:
Sif Muna


Message History

Things that are here:
a +0 dagger; a +0 robe; an orc corpse You closely miss something.
Something hits you.
You miss something. You slash the orc!
You kill the orc!
Something hits you.
* * * LOW HITPOINT WARNING * * *
You miss something. Something hits you but does no damage. Something hits you.
* * * LOW HITPOINT WARNING * * *
You closely miss something. You hit the goblin.
The goblin completely misses you.
You hear some strange, mumbled words.
You are confused.
The goblin closely misses you. The orc closely misses you.
The orc attacks as it pursues you! The orc misses you.
You're too confused to move!
Something completely misses you. The orc hits you with a +0 club.
* * * LOW HITPOINT WARNING * * *
You bump into the rock wall.
Something hits you but does no damage. The orc hits you with a +0 club.
* * * LOW HITPOINT WARNING * * *
You're too confused to move!
Something hits you.
* * * LOW HITPOINT WARNING * * *
The orc barely misses you. The goblin closely misses you.
You completely miss something. You hit the orc but do no damage.
You hit the goblin. Something hits you but does no damage.
The orc hits you but does no damage. The goblin misses you.
The goblin hits you with a +0 dagger.
* * * LOW HITPOINT WARNING * * *
The goblin hits you but does no damage.
You completely miss something. You barely miss the goblin. You miss the goblin.
You feel less confused. Something hits you.
* * * LOW HITPOINT WARNING * * *
The goblin hits you but does no damage. The goblin hits you but does no damage.
Something hits you.
* * * LOW HITPOINT WARNING * * *
The goblin barely misses you. The orc barely misses you.
The goblin hits you with a +0 dagger.
You die...

.... #...##
8.. ####.##..
##..
#....##.. ..#
##.#####..
#.#######..#
#..
##)##......##
#.#
#)).#.######
#.# #.og....#
#.#
#.@g#.#รท#
#.#
#..g#.#.##
#.#
####..#..#
### ..###.# #
#.## #.# ##
#. #.#####
##.
#.....####..
#####..##...
##.##...


You could see an orc and 3 goblins.

Vanquished Creatures
  An ogre (D:4)
  A sleepcap (D:4)
  2 orc priests (D:4)
  An iguana (D:4)
  An orc wizard (D:4)
  2 adders
  2 dart slugs
  2 ribbon worms
  6 orcs (D:4)
  2 bats (D:1)
  4 endoplasms
  A giant cockroach (D:1)
  4 goblins
  5 hobgoblins
  4 jackals (D:1)
  3 kobolds
  A quokka (D:4)
  6 ball pythons
  4 frilled lizards
  8 rats
60 creatures vanquished.

Notes
Turn   | Place    | Note
-------+----------+-------------------------------------------
     0 | D:1      | Zodgrod the Hill Orc Gladiator began the quest for the Orb.
     0 | D:1      | Reached XP level 1. HP: 18/18 MP: 1/1
   105 | D:1      | Reached XP level 2. HP: 23/25 MP: 2/2
   794 | D:2      | Reached XP level 3. HP: 30/30 MP: 3/3
   823 | D:2      | Found a shimmering blue altar of Sif Muna.
  1464 | D:2      | Reached skill level 5 in Axes
  1835 | D:3      | Reached XP level 4. HP: 37/38 MP: 4/4
  2355 | D:4      | Noticed an ogre
  2362 | D:4      | Killed an ogre
  2363 | D:4      | Reached skill level 6 in Axes
  2363 | D:4      | Reached skill level 1 in Armour
  2363 | D:4      | Reached XP level 5. HP: 11/45 MP: 5/5
  2382 | D:4      | HP: 2/45 [orc/+0 club (3)]
  2735 | D:4      | Reached XP level 6. HP: 27/52 MP: 6/6
  2899 | D:4      | HP: 2/52 [something (2)]
  2899 | D:4      | Slain by a goblin

Illustrated notes

Levels and vault maps discovered:
D:1:      spicycebolla_arrival_clurvy, layout_loops_ring
D:2:      layout_basic, basic_altar
D:3:      layout_basic
D:4:      kennysheep_the_goblin_king, layout_rooms,
          ebering_ghost_reflecting_pool, minmay_misc_feat_five

Skill      XL: |  1  2  3  4  5 |
---------------+----------------+-----
Axes           | 5 6 |  6.5
Fighting       | 3 |  3.8
Armour         | 1 3 |  3.2
Dodging        | 3 |  3.1
Throwing       | |  1.9
Stealth        | |  0.2

Action                     |  1- 3 |  4- 6 || total
---------------------------+-------+-------++-------
  Melee: War axe           |    84 |    85 ||   169
         Punch             |       |     1 ||     1
    Use: Scroll            |     1 |     2 ||     3
 Armour: Leather armour    |    44 |    61 ||   105
  Dodge: Dodged            |    60 |    61 ||   121
